 Dungeon Crawl Stone Soup version 0.29.1-15-g9cfb28693d (webtiles) character file.

Game seed: 8176872530102633191

39 protoss039 the Digger (level 3, -2/26 HPs)
             Began as a Demonspawn Earth Elementalist on Mar 13, 2023.
             Slain by Terence
             ... wielding a +0 flail
              (8 damage)
             ... on level 2 of the Dungeon.
             The game lasted 00:01:42 (1524 turns).

protoss039 the Digger (DsEE)                        Turns: 1524, Time: 00:01:42

Health: -2/26      AC:  4    Str: 14    XL:     3   Next: 28%
Magic:  5/6        EV: 12    Int: 18    God:
Gold:   84         SH:  0    Dex: 13    Spells: 4/7 levels left

rFire   . . .      SeeInvis .   f - +3 dagger
rCold   . . .      Faith    .   (no shield)
rNeg    . . .      Spirit   .   a - +0 robe
rPois   .          Reflect  .   (no helmet)
rElec   .          Harm     .   (no cloak)
rCorr   .          Rampage  .   (no gloves)
Will    .....                   (no boots)
Stlth   ++........              (no amulet)
HPRegen 0.08/turn               j - +6 ring of strength
MPRegen 0.10/turn               (no ring)

@: no status effects
A: thin metallic scales 1
a: no special abilities


You were on level 2 of the Dungeon.
You visited 1 branch of the dungeon, and saw 2 of its levels.

You collected 84 gold pieces.

Inventory:

Hand Weapons
 f - a +3 dagger (weapon)
Armour
 a - a +0 robe (worn)
Jewellery
 j - a +6 ring of strength (left hand)
Scrolls
 c - a scroll of vulnerability {unknown}
Potions
 b - a potion of magic
 d - a potion of haste {unknown}
 e - a potion of curing {unknown}
 g - a potion of might {unknown}
 h - a potion of heal wounds {unknown}
 i - a potion of degeneration {unknown}


   Skills:
 + Level 1.5 Fighting
 - Level 1.7 Dodging
 - Level 1.7 Stealth
 + Level 2.5 Spellcasting
 - Level 0.8 Transmutations
 + Level 3.2 Earth Magic


You had 4 spell levels left.
You knew the following spells:

 Your Spells              Type           Power      Damage    Failure   Level
a - Sandblast             Erth           26%        2d8       4%          1
b - Passwall              Tmut/Erth      7%         N/A       11%         2

Your spell library contained the following spells:

 Spells                   Type           Power      Damage    Failure   Level
 Stone Arrow              Conj/Erth      16%        3d8       26%         3
 Petrify                  Tmut/Erth      9%         N/A       58%         4


Dungeon Overview and Level Annotations

Branches:
Dungeon (2/15) Zot: 10457

Altars:

Shops:
D:1 :

Annotations:
D:2 Terence


Innate Abilities, Weirdness & Mutations

You are partially covered in thin metallic scales. (AC +2)


Message History

No target in view!
HP restored.
Magic restored.
Found a ring mail.
Found an escape hatch in the floor.
No target in view!
You see here a +0 ring mail.
Terence the Incautious comes into view.
He is wielding a +0 flail.
Terence is nearby!
Terence is nearby!
Found a Young Poisoner's Handbook and 9 gold pieces.
Terence is nearby!
The helpless Terence fails to defend himself.
You hit Terence.
Terence is lightly wounded.
Terence hits you with a +0 flail.
You closely miss Terence.
Terence is lightly wounded.
Terence hits you with a +0 flail!
Unknown command.
You hit Terence but do no damage.
Terence is lightly wounded.
Terence completely misses you.
Unknown command.
You hit Terence.
Terence is moderately wounded.
Terence hits you with a +0 flail!
* * * LOW HITPOINT WARNING * * *
Unknown command.
Unknown command.
Unknown command.
Casting: Sandblast (safe; 4% risk of failure)
Confirm with . or Enter, or press ? or * to list all spells.
Aiming: Sandblast (safe; 4% risk of failure)
Press: ? - help, Shift-Dir - straight line, f - Terence
Aim: Terence, wielding a +0 flail and wearing a +0 scale mail (moderately wounded, 84% to hit)
The blast of sand hits Terence.
Terence is heavily wounded.
Terence hits you with a +0 flail!
You die...

#.# #.# #.# ##.##
###...### .......
#@..#
##.###@#########
...............[#
:##.##.########.###
#. ###.#.## ..
#.....># $#.
#.#.#.## .#.
#...### . .. #.###
....####.#


You could see Terence.

Vanquished Creatures
  A gnoll (D:1)
  2 dart slugs (D:1)
  2 bats (D:2)
  4 endoplasms (D:1)
  A giant cockroach (D:1)
  2 hobgoblins
  2 jackals
  4 kobolds (D:1)
  A quokka (D:1)
  A frilled lizard (D:1)
  2 goblins (D:1)
  2 rats (D:1)
24 creatures vanquished.

Notes
Turn   | Place    | Note
-------+----------+-------------------------------------------
     0 | D:1      | protoss039 the Demonspawn Earth Elementalist began the
                  | quest for the Orb.
     0 | D:1      | Reached XP level 1. HP: 13/13 MP: 3/3
   478 | D:1      | Reached skill level 1 in Fighting
   478 | D:1      | Reached skill level 3 in Earth Magic
   478 | D:1      | Gained mutation: You are partially covered in thin metallic
                  | scales. (AC +2) [demonic ancestry]
   478 | D:1      | Reached XP level 2. HP: 7/21 MP: 1/5
   938 | D:1      | Found Naivofye's Book Boutique.
  1006 | D:1      | Reached XP level 3. HP: 20/26 MP: 6/6
  1393 | D:1      | Learned a level 2 spell: Passwall
  1517 | D:2      | Noticed Terence
  1524 | D:2      | Slain by Terence

Illustrated notes

Levels and vault maps discovered:
D:1:      minmay_arrival_open_corners, layout_basic, serial_shops, shop,
          minmay_door_square
D:2:      cheibrodos_helix_gallery, layout_loops_ring,
          shapermc_ecumenical_altar_rom_forum, nrook_uturn, uniq_terence

Skill      XL: |  1 |
---------------+----+-----
Fighting       | 1 |  1.5
Earth Magic    | 3 |  3.2
Dodging        | |  1.7
Stealth        | |  1.7
Spellcasting   | |  2.5
Transmutations | |  0.8

Action                   || total
-------------------------++-------
Melee: Hand axe          ||    13
       Dagger            ||    37
 Cast: Sandblast         ||    29
 Stab: Sleeping          ||     2
Armor: Robe              ||    23
Dodge: Dodged            ||    56
